 Dungeon Crawl Stone Soup version 0.30.1-11-g7821555f0a (webtiles) character file.

Game seed: 715266512475902225

478 jfcaron the Chopper (level 7, -3/90 HPs)
             Began as a Gnoll Berserker on Nov 11, 2023.
             Was a Believer of Trog.
             Slain by an ogre
             ... wielding a +0 giant club
              (33 damage)
             ... on level 4 of the Dungeon.
             The game lasted 00:05:27 (3068 turns).

jfcaron the Chopper (Gnoll Berserker)               Turns: 3068, Time: 00:05:28

Health: -3/90      AC:  6    Str: 18    XL:     7   Next: 11%
Magic:  10/10      EV: 12    Int:  6    God:    Trog [**....]
Gold:   270        SH:  0    Dex: 12    Spells: 10/10 levels left

rFire   + . .        g - +0 war axe
rCold   . . .        (no shield)
rNeg    + . .        h - +0 ring mail
rPois   .            (no helmet)
rElec   .            (no cloak)
rCorr   .            (no gloves)
SInv    .            (no boots)
Will    .....        (no amulet) Stlth
                     d - ring of protection from fire
HPRegen 0.35/turn    r - ring of positive energy
MPRegen 0.12/turn

%: no passive effects
@: berserking, very quick
A: fangs 1, strong nose, distributed training
a: Renounce Religion, Berserk, Trog's Hand


You were on level 4 of the Dungeon.
You worshipped Trog.
Trog was pleased with you.
You visited 1 branch of the dungeon, and saw 4 of its levels.

You collected 270 gold pieces.

Inventory:

Hand Weapons
 a - a +0 hand axe
 g - a +0 war axe (weapon)
Missiles
 k - 2 throwing nets (quivered) {!f}
 n - 12 stones
 o - 4 poisoned darts
Armour
 b - a +0 animal skin
 e - a +0 leather armour
 h - a +0 ring mail (worn)
Jewellery
 d - a ring of protection from fire (left hand)
   (You found it on level 2 of the Dungeon)
 l - a +6 ring of intelligence
   (You took it off a gnoll on level 3 of the Dungeon)
 r - a ring of positive energy (right hand)
Wands
 t - a wand of polymorph (3)
 v - a wand of acid (9)
   (You found it on level 4 of the Dungeon)
Scrolls
 j - a scroll of magic mapping {unknown}
 p - 2 scrolls of immolation {unknown}
 q - 2 scrolls of blinking
 x - a scroll of teleportation
Potions
 c - 2 potions of curing
 f - a potion of mutation
 i - a potion of haste
 m - a potion of flight {unknown}
 s - a potion of heal wounds {unknown}
 u - a potion of might
 w - a potion of lignification {unknown}


   Skills:
 + Level 7.0 Fighting
 + Level 2.3 Short Blades
 + Level 2.3 Long Blades
 + Level 7.0 Axes
 + Level 2.3 Maces & Flails
 + Level 2.3 Polearms
 + Level 2.3 Staves
 + Level 2.3 Ranged Weapons
 + Level 2.3 Throwing
 + Level 5.2 Armour
 + Level 5.2 Dodging
 + Level 2.3 Stealth
 + Level 2.3 Shields
 + Level 2.3 Unarmed Combat
 + Level 2.3 Spellcasting
 + Level 1.9 Conjurations
 + Level 1.9 Hexes
 + Level 1.9 Summonings
 + Level 1.9 Necromancy
 + Level 1.9 Translocations
 + Level 1.9 Transmutations
 + Level 1.9 Fire Magic
 + Level 1.9 Ice Magic
 + Level 1.9 Air Magic
 + Level 1.9 Earth Magic
 + Level 1.9 Poison Magic
 + Level 2.6 Invocations
 + Level 2.3 Evocations


You had 10 spell levels left.
You didn't know any spells.
Your spell library contained the following spells:

 Spells                   Type           Power      Damage    Failure   Level
 Static Discharge         Conj/Air       6%         2-3/arc   41%         2
 Airstrike                Air            1%         2d(1-17)  96%         4
 Summon Lightning Spire   Summ/Air       3%         N/A       96%         4


Dungeon Overview and Level Annotations

Branches:
Dungeon (4/15)
 Temple: D:4-7

Altars:
Ashenzari
Gozag
Nemelex Xobeh

Shops:
D:2 =


Innate Abilities, Weirdness & Mutations

You have very sharp teeth.
Your uncanny sense of smell can sniff out nearby items.
Your experience applies equally to all skills.


Message History

The ball python constricts you.
You hit the ball python.
The ball python is severely wounded.
The ball python bites you. The ball python constricts you.
The ball python bites you but does no damage.
The ball python constricts you.
You barely miss the ball python.
The ball python is severely wounded.
The ball python bites you. The ball python constricts you.
You barely miss the ball python.
The ball python is severely wounded.
The ball python bites you but does no damage.
The ball python constricts you.
The ball python bites you but does no damage.
The ball python constricts you.
You closely miss the ball python. You punch the ball python.
You kill the ball python!
Trog accepts your kill.
No target in view!
Found a book of Storms.
You see here a staff of earth.
q - 2 scrolls of blinking (gained 1)
An ogre comes into view. It is wielding a +0 giant club.
Found a sparkling altar of Nemelex Xobeh.
You see here a book of Storms.
You pick up a book of Storms and begin reading...
You add the spells Static Discharge, Airstrike and Summon Lightning Spire to your library.
Found a broken altar of Ashenzari.
You hit the ogre.
The ogre is lightly wounded.
The ogre hits you with a +0 giant club!
You hit the ogre. You bite the ogre, but do no damage.
The ogre is moderately wounded.
The ogre hits you with a +0 giant club!!
You are too injured to fight recklessly!
You are too injured to fight recklessly!
A red film seems to cover your vision as you go berserk!
You feel yourself moving faster!
You feel mighty!
The ogre hits you with a +0 giant club!!
You die...

......## .....<.# ##._#
.......# #...### .......#
#.....## .......# #......#
.......## #......#
........# #.....# .......##
#...O# .......#. #.@# #####
.......#...####..#
##...##### #
.......#._.......#
##........###
#......#...###...#
##............ ##.....#
##..###.............
#..####
######..##..............
####
#.......#...............
####....#..............#
####..####.#..........|.###


You could see an ogre.

Vanquished Creatures
  Duvessa (D:4)
  An ogre (D:4)
  Dowan (D:4)
  A gnoll bouda (D:4)
  An orc wizard (D:3)
  6 gnolls
  5 adders
  A worm (D:3)
  2 dart slugs
  6 orcs (D:3)
  7 ball pythons
  A bat (D:2)
  9 endoplasms
  6 goblins
  5 hobgoblins
  4 jackals (D:1)
  A quokka (D:1)
  4 frilled lizards
  5 kobolds
  8 rats
75 creatures vanquished.

Notes
Turn   | Place    | Note
-------+----------+-------------------------------------------
     0 | D:1      | jfcaron the Gnoll Berserker began the quest for the Orb.
     0 | D:1      | Reached XP level 1. HP: 23/23 MP: 1/1
    84 | D:1      | Reached XP level 2. HP: 29/29 MP: 2/2
   346 | D:1      | Reached ** piety under Trog
   365 | D:1      | Reached XP level 3. HP: 35/35 MP: 3/3
   366 | D:1      | Found Zuiveric's Assorted Antiques.
   468 | D:1      | Found a faded altar of an unknown god.
   599 | D:2      | Reached skill level 1 in Invocations
   617 | D:2      | Found Eklutih's Jewellery Boutique.
   877 | D:2      | Reached skill level 1 in Short Blades
   877 | D:2      | Reached skill level 1 in Long Blades
   877 | D:2      | Reached skill level 1 in Maces & Flails
   877 | D:2      | Reached skill level 1 in Polearms
   877 | D:2      | Reached skill level 1 in Staves
   877 | D:2      | Reached skill level 1 in Ranged Weapons
   877 | D:2      | Reached skill level 1 in Throwing
   877 | D:2      | Reached skill level 1 in Stealth
   877 | D:2      | Reached skill level 1 in Shields
   877 | D:2      | Reached skill level 1 in Unarmed Combat
   877 | D:2      | Reached skill level 1 in Spellcasting
   877 | D:2      | Reached skill level 1 in Evocations
  1232 | D:3      | HP: 7/35 [dart slug (1)]
  1233 | D:3      | HP: 1/35 [orc/+0 hand axe (7)]
  1234 | D:3      | Reached XP level 4. HP: 1/41 MP: 5/5
  1528 | D:2      | Reached skill level 1 in Conjurations
  1528 | D:2      | Reached skill level 1 in Hexes
  1528 | D:2      | Reached skill level 1 in Summonings
  1528 | D:2      | Reached skill level 1 in Necromancy
  1528 | D:2      | Reached skill level 1 in Translocations
  1528 | D:2      | Reached skill level 1 in Transmutations
  1528 | D:2      | Reached skill level 1 in Fire Magic
  1528 | D:2      | Reached skill level 1 in Ice Magic
  1528 | D:2      | Reached skill level 1 in Air Magic
  1528 | D:2      | Reached skill level 1 in Earth Magic
  1528 | D:2      | Reached skill level 1 in Poison Magic
  1723 | D:3      | Reached XP level 5. HP: 47/47 MP: 7/7
  1889 | D:3      | Found an opulent altar of Gozag.
  2325 | D:4      | Noticed an ogre
  2329 | D:4      | Killed an ogre
  2330 | D:4      | Reached XP level 6. HP: 53/53 MP: 8/8
  2474 | D:4      | Noticed Duvessa
  2476 | D:4      | Noticed Dowan
  2486 | D:4      | Killed Duvessa
  2487 | D:4      | Reached skill level 5 in Armour
  2487 | D:4      | Reached skill level 5 in Dodging
  2492 | D:4      | Killed Dowan
  2803 | D:4      | Reached XP level 7. HP: 60/60 MP: 10/10
  3037 | D:4      | Found a sparkling altar of Nemelex Xobeh.
  3065 | D:4      | Found a broken altar of Ashenzari.
  3068 | D:4      | Slain by an ogre

Illustrated notes

Levels and vault maps discovered:
D:1:      dpeg_arrival_pits, layout_basic, serial_shops,
          nicolae_shop_just_a_little_nook,
          dreamdust_ecumenical_altar_angels_and_demons, minivault_24
D:2:      layout_basic, serial_shops, nicolae_shop_statue_plus
D:3:      layout_loops_ring, nicolae_gozag_cash_rules_everything_around_me
D:4:      layout_cave_pods, overflow_temple_1_default,
          mainiacjoe_overflow_alcove_2, uniq_duvessa

Skill      XL: |  1  2  3  4  5  6 |
---------------+-------------------+-----
Invocations    | 1 2 |  2.6
Short Blades   | 1 2 |  2.3
Long Blades    | 1 2 |  2.3
Maces & Flails | 1 2 |  2.3
Polearms       | 1 2 |  2.3
Staves         | 1 2 |  2.3
Ranged Weapons | 1 2 |  2.3
Throwing       | 1 2 |  2.3
Stealth        | 1 2 |  2.3
Shields        | 1 2 |  2.3
Unarmed Combat | 1 2 |  2.3
Spellcasting   | 1 2 |  2.3
Evocations     | 1 2 |  2.3
Conjurations   | 1 |  1.9
Hexes          | 1 |  1.9
Summonings     | 1 |  1.9
Necromancy     | 1 |  1.9
Translocations | 1 |  1.9
Transmutations | 1 |  1.9
Fire Magic     | 1 |  1.9
Ice Magic      | 1 |  1.9
Air Magic      | 1 |  1.9
Earth Magic    | 1 |  1.9
Poison Magic   | 1 |  1.9
Armour         | 5 |  5.2
Dodging        | 5 |  5.2
Fighting       | 7 |  7.0
Axes           | 7 |  7.0

Action                     |  1- 3 |  4- 6 |  7- 9 || total
---------------------------+-------+-------+-------++-------
  Melee: Hand axe          |    89 |       |       ||    89
         Bite              |    12 |     7 |     1 ||    20
         War axe           |    21 |    77 |    16 ||   114
         Punch             |       |       |     1 ||     1
  Throw: Stone             |     8 |       |       ||     8
         Dart              |    14 |       |       ||    14
 Invoke: Berserk           |       |     4 |     1 ||     5
         Trog's Hand       |       |     1 |       ||     1
    Use: Scroll            |     9 |       |     1 ||    10
         Potion            |       |     1 |       ||     1
 Armour: Animal skin       |    15 |     1 |       ||    16
         Ring mail         |       |    15 |     4 ||    19
  Dodge: Dodged            |    91 |    44 |    11 ||   146

Table legend: (Time is in decaauts)
 A = Elapsed time spent in this place.
 B = Non-inter-level travel time spent in this place.
 C = Inter-level travel time spent in this place.
 D = Time resting spent in this place.
 E = Time spent auto-exploring this place.
 F = Levels seen in this place.
 G = Mean time per level.
                   A        B        C        D        E       F      G
               +--------+--------+--------+--------+--------+-----+--------+
         Total |   3111 |   2845 |    266 |    317 |   1960 |   4 |  777.8 |
       Dungeon |   3111 |   2845 |    266 |    317 |   1960 |   4 |  777.8 |
               +--------+--------+--------+--------+--------+-----+--------+

Top non-repeatable levels by time:
     D:3: 1069 daAuts
     D:4: 795 daAuts
     D:2: 642 daAuts
     D:1: 604 daAuts

Table legend:
 A = Kills in this place as a percentage of kills in the entire game.
 B = Kills by you in this place as a percentage of kills by you in the entire game.
 C = Kills by friends in this place as a percentage of kills by friends in the entire game.
 D = Other kills in this place as a percentage of other kills in the entire game.
 E = Experience gained in this place as a percentage of experience gained in the entire game.
 F = Experience gained in this place divided by the number of levels of this place that you have seen.
                   A       B       C       D       E      F
               +-------+-------+-------+-------+-------+----------------------
         Total | 100.0 | 100.0 |   N/A |   N/A | 100.0 | 171.0
       Dungeon | 100.0 | 100.0 |   N/A |   N/A | 100.0 | 171.0
               +-------+-------+-------+-------+-------+----------------------

Levels and vault maps discovered:
D:1:      dpeg_arrival_pits, layout_basic, serial_shops,
          nicolae_shop_just_a_little_nook,
          dreamdust_ecumenical_altar_angels_and_demons, minivault_24
D:2:      layout_basic, serial_shops, nicolae_shop_statue_plus
D:3:      layout_loops_ring, nicolae_gozag_cash_rules_everything_around_me
D:4:      layout_cave_pods, overflow_temple_1_default,
          mainiacjoe_overflow_alcove_2, uniq_duvessa
